 Dungeon Crawl Stone Soup version 0.31-a0-986-g5e6e4ef867 (webtiles) character file.

Game seed: 6924285800370585403

10826 jasper the Carver (level 12, -4/95 HPs)
             Began as a Human Cinder Acolyte on Nov 8, 2023.
             Was a Follower of Wu Jian.
             Killed by divine providence
             ... invoked by a meliai
              (17 damage)
             ... on level 13 of the Dungeon.
             The game lasted 00:21:11 (12219 turns).

jasper the Carver (Human Cinder Acolyte)           Turns: 12219, Time: 00:21:11

Health: -4/95      AC: 20    Str: 19    XL:     12   Next: 0%
Magic:  13/13      EV: 11    Int: 14    God:    Wu Jian [*.....]
Gold:   216        SH:  5    Dex: 10    Spells: 13/13 levels left

rFire   . . .        M - +1 great sword (flame)
rCold   . . .        (shield currently unavailable)
rNeg    . . .        L - +3 plate armour
rPois   .            (no helmet)
rElec   .            H - +0 cloak
rCorr   .            C - +0 pair of gloves
SInv    .            q - +0 pair of boots
Will    .....        n - amulet of reflection Stlth
                     r - +5 ring of evasion
HPRegen 0.35/turn    D - ring of protection from fire
MPRegen 0.13/turn

%: reflection
@: about to teleport, fire susceptible
A: no striking features
a: Renounce Religion


You were on level 13 of the Dungeon.
You worshipped Wu Jian.
Wu Jian was aware of your devotion.
You visited 3 branches of the dungeon, and saw 14 of its levels.

You collected 692 gold pieces.
You spent 476 gold pieces at shops.

Inventory:

Hand Weapons
 a - a +0 falchion of flaming
 M - a +1 great sword of flaming (weapon)
Missiles
 d - 144 stones
 h - a throwing net
 j - 6 boomerangs
 u - 41 poisoned darts (quivered)
 K - a curare-tipped dart
Armour
 b - a +0 robe
 c - +0 steam dragon scales
 g - a +0 plate armour
 l - a +1 scale mail
 q - a +0 pair of boots (worn)
 s - a +0 cloak
 A - a scarf of repulsion
 C - a +0 pair of gloves (worn)
 H - a +0 cloak (worn)
 L - a +3 plate armour (worn)
Jewellery
 n - an amulet of reflection (around neck)
 r - a +5 ring of evasion (left hand)
 y - a +6 ring of strength
 D - a ring of protection from fire (right hand)
 E - an amulet of guardian spirit
 F - a ring of willpower
Wands
 i - a wand of roots (4)
Scrolls
 m - 3 scrolls of teleportation
 o - a scroll of amnesia
 I - 3 scrolls of identify
Potions
 e - 3 potions of resistance
 k - a potion of degeneration
 p - 2 potions of magic
 t - a potion of lignification
 v - 2 potions of enlightenment
 w - 2 potions of curing
 x - a potion of brilliance
 z - a potion of haste
 G - a potion of ambrosia
 J - a potion of attraction


   Skills:
 + Level 9.0 Fighting
 * Level 14.0 Long Blades
 + Level 8.4 Armour
 - Level 1.0 Spellcasting
 - Level 3.0 Fire Magic


You had 13 spell levels left.
You didn't know any spells.
Your spell library contained the following spells:

 Spells                   Type           Power      Damage    Failure   Level
 Scorch                   Fire           18%        2d5       95%         2
 Blink                    Tloc           0%         N/A       100%        2
 Cigotuvi's Dreadful Rot  Necr/Pois/Air  0%         N/A       100%        2
 Ignite Poison            Fire/Tmut/Pois 3%         N/A       100%        3
 Anguish                  Hex/Necr       0%         N/A       100%        4
 Animate Dead             Necr           0%         N/A       100%        4
 Cause Fear               Hex            0%         N/A       100%        4
 Manifold Assault         Tloc           0%         N/A       100%        4
 Freezing Cloud           Conj/Ice/Air   0%         6-21      100%        5
 Conjure Ball Lightning   Conj/Air       0%         3x3d6     100%        6
 Enfeeble                 Hex            0%         N/A       100%        7
 Haunt                    Necr/Summ      0%         N/A       100%        7
 Discord                  Hex            0%         N/A       100%        8
 Disjunction              Tloc           0%         N/A       100%        8
 Infestation              Necr           0%         N/A       100%        8


Dungeon Overview and Level Annotations

Branches:
Dungeon (11/15)            Temple (1/1) D:5            Lair (1/5) D:9
    Orc: D:9-12

Altars:
Ashenzari
Cheibriados
Dithmenos
Elyvilon
Fedhas
Gozag
Hepliaklqana
Kikubaaqudgha
Makhleb
Nemelex Xobeh
Okawaru
Qazlal
Ru
Sif Muna
Trog
Uskayaw
Vehumet
Wu Jian
Xom
Yredelemnul
Zin
The Shining One

Shops:
D:8 [   D:9 (

Annotations:
D:8 2 transporters, perezv8180's ghost, novice AtFi
D:10 2 transporters
Temple 2 transporters
Lair:1 exclusion: oklob plant


Message History

The meliai buzzes angrily.
A meliai comes into view. It is wielding a +0 hand axe.
The meliai moves out of view.
Throw: 42 darts (poison)
Press: ? - help, Q - select action, (/) - cycle Shift-Dir - straight line, f/p - cyan ugly thing
Aim: a cyan ugly thing (lightly wounded, extremely poisoned, 57% to hit)
You throw a poisoned dart.
The poisoned dart barely misses the cyan ugly thing.
A meliai comes into view. It is wielding a +0 hand axe.
The cyan ugly thing punches you but does no damage.
Okay, then.
As you read the scroll of teleportation, it crumbles to dust.
You feel strangely unstable. The cyan ugly thing punches you!
* * * LOW HITPOINT WARNING * * *
The cyan ugly thing shocks you!
* * * LOW HITPOINT WARNING * * *
You take 24 damage, and have 5/95 hp.
MASSIVE DAMAGE!!
You feel better. The cyan ugly thing misses you.
You regained 6 hp, and now have 11/95 hp.
You feel better. The cyan ugly thing closely misses you.
You regained 12 hp, and now have 23/95 hp.
You feel better.
Your surroundings suddenly seem different.
Found a stone staircase leading down.
You regained 7 hp, and now have 30/95 hp.
The meliai buzzes angrily.
Found a stone staircase leading down.
The meliai calls down the wrath of its god upon you.
Something smites you!
* * * LOW HITPOINT WARNING * * *
You take 9 damage, and have 22/95 hp.
As you read the scroll of teleportation, it crumbles to dust.
You feel strangely unstable. The meliai closely misses you. x2
You feel better.
The meliai invokes the aid of its god against you.
Something smites you!
* * * LOW HITPOINT WARNING * * *
The meliai calls down the wrath of its god upon you.
Something smites you!
You die...

#y# #y.....
#(y....
#.(.......
#..(...>.#
##(.......
#...#.#.#
#########y#......
#>.....@y.....#
#.#######.....#
#.....# #....##
.......#
####....# #....#
#..... .......


You could see 2 meliai.

Vanquished Creatures
  3 two-headed ogres
  3 death yaks (D:9)
  A manticore (D:10)
  A hornet (D:10)
  A wyvern (D:10)
  A vampire (D:11)
  17 yaks
  5 fire elementals
  Duvessa (D:6)
  3 water moccasins
  4 orc warriors
  An ice beast (D:8)
  3 sky beasts (D:7)
  An ogre (D:6)
  3 centaurs
  2 phantoms (D:5)
  6 kobold brigands
  A gnoll sergeant (D:9)
  Blork the orc (D:4)
  6 scorpions
  3 wights (D:9)
  Dowan (D:6)
  3 killer bees (D:10)
  A howler monkey (D:13)
  3 hounds
  2 jellies
  9 orc priests
  2 iguanas
  2 hell rats
  2 sleepcaps (D:6)
  10 orc wizards
  13 adders
  14 gnolls
  A river rat (D:9)
  A shadow imp (D:7)
  A white imp (D:6)
  4 ufetubi
  A worm (D:3)
  A dart slug (D:5)
  33 orcs
  5 endoplasms
  4 giant cockroaches (D:1)
  9 goblins
  3 hobgoblins
  3 quokkas
  6 ball pythons
  3 bats (D:1)
  4 frilled lizards (D:1)
  22 kobolds
  7 rats
237 creatures vanquished.

Vanquished Creatures (others)
  3 orc wizards
3 creatures vanquished.

Grand Total: 240 creatures vanquished

Notes
Turn   | Place    | Note
-------+----------+-------------------------------------------
     0 | D:1      | jasper the Human Cinder Acolyte began the quest for the
                  | Orb.
     0 | D:1      | Reached XP level 1. HP: 18/18 MP: 2/2
   251 | D:1      | Reached XP level 2. HP: 17/24 MP: 3/3
   269 | D:1      | Learned a level 2 spell: Scorch
   603 | D:1      | Reached skill level 4 in Long Blades
   603 | D:1      | Reached XP level 3. HP: 29/29 MP: 4/4
   796 | D:1      | Found a faded altar of an unknown god.
   983 | D:2      | Reached XP level 4. HP: 27/35 MP: 5/5
  1124 | D:2      | Found a shadowy altar of Dithmenos.
  1214 | D:2      | Identified the staff of Ahoups {+Blink rF+ Will+ Int-2
                  | Dex+2 Fire}
  1267 | D:2      | Reached skill level 5 in Long Blades
  1277 | D:2      | Reached XP level 5. HP: 26/41 MP: 6/6
  1710 | D:3      | Found an ornate altar of the Wu Jian Council.
  1838 | D:3      | Found a white marble altar of Elyvilon.
  2231 | D:3      | Found a sparkling altar of Nemelex Xobeh.
  2233 | D:3      | Found a bloodstained altar of Trog.
  2233 | D:3      | Found a shimmering altar of Xom.
  2235 | D:3      | Found a white marble altar of Elyvilon.
  2235 | D:3      | Found a glowing golden altar of the Shining One.
  2235 | D:3      | Found an ornate altar of the Wu Jian Council.
  2317 | D:3      | Reached skill level 6 in Long Blades
  2318 | D:3      | Reached XP level 6. HP: 43/47 MP: 7/7
  2362 | D:4      | Reached skill level 7 in Long Blades
  2434 | D:4      | Found a burning altar of Makhleb.
  2468 | D:4      | Noticed an orc warrior
  2500 | D:4      | Killed an orc warrior
  2501 | D:4      | Reached XP level 7. HP: 14/52 MP: 8/8
  2654 | D:4      | Reached skill level 8 in Long Blades
  2866 | D:4      | Noticed Blork the orc
  2877 | D:4      | Killed Blork the orc
  3169 | D:5      | Entered Level 5 of the Dungeon
  3275 | D:5      | Found a broken altar of Ashenzari.
  3334 | D:5      | Reached XP level 8. HP: 36/58 MP: 9/9
  3336 | D:5      | Found a staircase to the Ecumenical Temple.
  3340 | D:5      | Reached skill level 9 in Long Blades
  3928 | D:5      | Reached skill level 10 in Long Blades
  4093 | D:5      | Found a blossoming altar of Fedhas.
  4374 | D:5      | Found a bloodstained altar of Trog.
  4665 | Temple   | Found a transporter.
  4665 | Temple   | Found a transporter.
  4665 | Temple   | Found a transporter.
  4665 | Temple   | Found a transporter.
  4665 | Temple   | Entered the Ecumenical Temple
  4809 | D:6      | Found an opulent altar of Gozag.
  4826 | D:6      | Found an iron altar of Okawaru.
  4857 | D:6      | Reached XP level 9. HP: 57/63 MP: 10/10
  4959 | D:6      | Noticed Duvessa
  4959 | D:6      | Noticed Dowan
  5009 | D:6      | Killed Duvessa
  5010 | D:6      | Reached skill level 11 in Long Blades
  5016 | D:6      | Killed Dowan
  5613 | D:6      | Reached skill level 12 in Long Blades
  6192 | D:7      | Found a snail-covered altar of Cheibriados.
  6345 | D:7      | Found a glowing silver altar of Zin.
  7223 | D:8      | Reached skill level 13 in Long Blades
  7412 | D:8      | Reached XP level 10. HP: 59/70 MP: 11/11
  7455 | D:8      | Found a transporter.
  7458 | D:8      | Noticed perezv8180's ghost (novice AtFi)
  7459 | D:8      | Noticed a moth of wrath
  7636 | D:8      | Found a transporter.
  7761 | D:8      | Found a shadowy altar of Dithmenos.
  8329 | D:8      | Reached skill level 14 in Long Blades
  8358 | D:8      | Found Axaor's Armour Boutique.
  8366 | D:8      | Bought a +0 pair of gloves for 72 gold pieces
  8366 | D:8      | Bought a +0 cloak for 72 gold pieces
  8448 | D:9      | Noticed a death yak
  8449 | D:9      | Found a staircase to the Lair.
  8449 | D:9      | Noticed a death yak
  8526 | D:9      | Noticed a death yak
  8534 | D:9      | Reached skill level 1 in Armour
  9068 | D:10     | Entered Level 10 of the Dungeon
  9097 | D:9      | Reached skill level 5 in Fighting
  9201 | D:9      | Found a stormy altar of Qazlal.
  9560 | D:9      | Killed a death yak
  9567 | D:9      | Reached skill level 5 in Armour
  9567 | D:9      | Reached XP level 11. HP: 76/81 MP: 12/12
  9576 | D:9      | Killed a death yak
  9591 | D:9      | Killed a death yak
  9756 | D:9      | Found Guboat's Antique Weapon Emporium.
  9768 | D:9      | Bought a runed great sword for 332 gold pieces
 10190 | D:10     | Noticed a two-headed ogre
 10197 | D:10     | Killed a two-headed ogre
 10261 | D:10     | Noticed an orc high priest
 10267 | D:10     | Found a transporter.
 10272 | D:10     | Found a transporter.
 10276 | D:10     | Noticed a two-headed ogre
 10285 | D:10     | Killed a two-headed ogre
 10433 | D:10     | Noticed a manticore
 10446 | D:10     | Killed a manticore
 11062 | D:10     | Found a sparkling altar of Nemelex Xobeh.
 11090 | D:10     | Found a shimmering blue altar of Sif Muna.
 11581 | D:1      | Prayed at the altar of an unknown god.
 11581 | D:1      | Fell from the grace of Ignis
 11581 | D:1      | Became a worshipper of the Wu Jian Council
 11581 | D:1      | Reached * piety under Wu Jian
 11712 | Lair:1   | Entered Level 1 of the Lair of Beasts
 11712 | Lair:1   | Noticed an oklob plant
 11936 | D:11     | Noticed a two-headed ogre
 11945 | D:11     | Killed a two-headed ogre
 11945 | D:11     | Noticed a boulder beetle
 12009 | D:11     | You fall into a shaft and drop 2 floors!
 12160 | D:13     | Reached XP level 12. HP: 84/95 MP: 13/13
 12219 | D:13     | Killed from afar by a meliai

Illustrated notes

Levels and vault maps discovered:
D:1:      co_arrival_random_square_maze, layout_rooms,
          ebering_ecumenical_altar_sacrificial
D:2:      layout_basic, basic_altar, chequers_arboretum, nrook_loot_triangle
D:3:      layout_loops_ring, doesnt_xom_only_xom, lemuel_doored_altar,
          nzn_wu_jian_contemplation
D:4:      layout_cave_pools, overflow_temple_1_default, minmay_liquid_box,
          nicolae_twisty_statue_hallways, uniq_blork_the_orc
D:5:      layout_loops_ring, mainiacjoe_overflow_alcove_4,
          mainiacjoe_overflow_surrounded_room, marbit_many_paths,
          minmay_temple_entry_junction, serial_bayou_crossing
D:6:      layout_basic, mainiacjoe_overflow_concentric_impassable,
          nicolae_gozag_cash_rules_everything_around_me, st_stairs_9,
          uniq_duvessa
D:7:      layout_basic, mainiacjoe_overflow_chevrons, general_overflow_altar,
          serial_corexii_hall, corexii_hall_statues_l,
          corexii_hall_statues_deadend, grunt_ministairs_5
D:8:      layout_loops_ring, mainiacjoe_overflow_small_starburst,
          gammafunk_ghost_berserking_beasts, serial_shops, shop,
          hangedman_glass_teeth, kennysheep_small_circle
D:9:      layout_rooms, nicolae_qazlal_style_of_elements, dpeg_lair_monsters,
          serial_shops, nicolae_shop_trees, minivault_1
D:10:     gammafunk_wand_slinger, layout_gridville,
          lemuel_coloured_pillars_altar, lemuel_blue_sif_altar,
          minmay_misc_feat_iff
D:11:     layout_loops_ring, serial_shops, shop, nicolae_blasting_shop,
          lemuel_zombie_altar_kikubaaqudgha
D:13:     layout_loops_ring, uniq_lodul
Temple:   hellmonk_temple_divided_pantheon
Lair:1:   layout_cave_pods, dpeg_stationary_puzzle, uniq_fannar

Skill      XL: |  1  2  3  4  5  6  7  8  9 10 11 |
---------------+----------------------------------+-----
Long Blades    | 4 5 6 7 8 10 13 14 | 14.0
Armour         | 5 8 |  8.4
Fighting       | 6 9 |  9.0
Spellcasting   | |  1.0
Fire Magic     | |  3.0

Action                     |  1- 3 |  4- 6 |  7- 9 | 10-12 || total
---------------------------+-------+-------+-------+-------++-------
  Melee: Falchion          |   102 |   120 |   565 |   400 ||  1187
         Punch             |       |       |     5 |     5 ||    10
         Great sword       |       |       |       |   118 ||   118
  Throw: Dart              |       |       |     7 |    48 ||    55
   Cast: Scorch            |     4 |       |       |       ||     4
 Invoke: Fiery Armour      |     1 |     3 |     4 |     5 ||    13
Ability: Lunge             |       |       |       |     1 ||     1
  Evoke: Wand              |       |       |     4 |     1 ||     5
    Use: Scroll            |       |    10 |     7 |     8 ||    25
         Potion            |       |     1 |       |    10 ||    11
 Armour: Robe              |    89 |    10 |       |       ||    99
         Scale mail        |       |    48 |    87 |       ||   135
         Steam dragon scal |       |    11 |    26 |       ||    37
         Plate armour      |       |       |   133 |   324 ||   457
         Skin              |       |       |       |    42 ||    42
  Dodge: Dodged            |    86 |    84 |   196 |   191 ||   557
  Block: Other             |       |    31 |   100 |    97 ||   228
         Buckler           |       |       |       |    15 ||    15
         Reflection        |       |       |       |     4 ||     4

Table legend: (Time is in decaauts)
 A = Elapsed time spent in this place.
 B = Non-inter-level travel time spent in this place.
 C = Inter-level travel time spent in this place.
 D = Time resting spent in this place.
 E = Time spent auto-exploring this place.
 F = Levels seen in this place.
 G = Mean time per level.
                   A        B        C        D        E       F      G
               +--------+--------+--------+--------+--------+-----+--------+
         Total |  11965 |  11113 |    852 |   1139 |   7659 |  14 |  854.6 |
       Dungeon |  11962 |  11111 |    851 |   1139 |   7659 |  12 |  996.8 |
        Temple |      1 |      1 |      0 |      0 |      0 |   1 |    1.0 |
          Lair |      1 |      1 |      0 |      0 |      0 |   1 |    1.0 |
               +--------+--------+--------+--------+--------+-----+--------+

Top non-repeatable levels by time:
     D:8: 1569 daAuts
     D:5: 1518 daAuts
     D:7: 1363 daAuts
     D:9: 1344 daAuts
    D:10: 1319 daAuts
     D:6: 1086 daAuts
     D:1: 960 daAuts
     D:4: 871 daAuts
     D:3: 801 daAuts
     D:2: 709 daAuts
    D:13: 209 daAuts
    D:11: 208 daAuts
  Temple: 1 daAuts
  Lair:1: 1 daAuts
